[Event "1000 GM Labor Day Super Swiss 2024"]
[Site "San Jose"]
[Date "2024.09.02"]
[Round "6.14"]
[White "Widjaja, Luke"]
[Black "Sathish, Pranav"]
[Result "1/2-1/2"]
[Annotator "TA"]
[ECO "B40"]
[WhiteElo "2056"]
[BlackElo "2337"]
[PlyCount "70"]
[EventDate "2024.08.30"]
[EventType "swiss"]
[EventCountry "USA"]
[SourceTitle "playchess.com"]
[Source "ChessBase"]
[SourceQuality "1"]
[TimeControl "5400+30"]

1. e4 c5 2. Nf3 e6 3. g3 Nc6 4. Bg2 Nf6 5. Qe2 e5 6. O-O Be7 7. c3 O-O 8. Na3 Re8 9. d3 d6 10. Nc4 h6 11. Ne3 Bf8 12. Nd2 Rb8 13. a4 b6 14. f4 Bb7 15. f5 Ne7 (15... Na5 $11) 16. Ng4 Nc6 17. Nxf6+ Qxf6 18. Nc4 Na5 $1 19. Ne3 {[%emt 0:13:54] Ng4 would now be deadly.} Nb3 20. Ng4 (20. Ra2 {simplifies} Nxc1 21. Rxc1 Qd8 22. h4) 20... Qd8 {[%emt 0:00:00] [#]} 21. f6 $1 Nxc1 22. Raxc1 g6 $1 23. Ne3 $36 {[%emt 0:08:32][%mdl 2048] White has good play.} Bc8 (23... h5 $11 {feels stronger.}) 24. h4 {[%emt 0:00:44] White is much more active.} (24. g4 $14) 24... h5 $1 $11 25. g4 hxg4 26. Nxg4 Bxg4 27. Qxg4 Bh6 {[%emt 0:00:00] aiming for ...Be3+.} 28. h5 $1 Kh7 {[%emt 0:00:00][%mdl 8192] Black is weak on the light squares} (28... Re6 $11 29. hxg6 Rxf6 30. gxf7+ Kxf7 31. Rxf6+ Qxf6 32. Qd7+ Kg6 33. Qg4+ Kf7 (33... Qg5 34. Qe6+ Kh7 35. Ra1 $14) 34. Qd7+ Qe7 35. Rf1+ Bf4 36. Qf5+ Kg8) 29. hxg6+ $18 fxg6 {[%emt 0:00:00] [#]} 30. Qh4 $2 ({White must play} 30. Rf3 $1 $18) 30... Rh8 $11 31. Bh3 Qe8 {[%emt 0:00:00][%cal Ob8b7] Dodges Be6} 32. Kg2 Qf7 $2 {[%emt 0:00:00][%mdl 8192] [#]} (32... Rb7 $1 $11 {and Black has nothing to worry.}) 33. d4 $2 Kg8 $1 {[%emt 0:00:00] The position is equal.} 34. Rcd1 {[%emt 0:00:35] Threatens to win with dxe5.} Bf4 35. Qg4 {[%emt 0:00:09] dxc5 is the strong threat. Really sharp!} Qxf6 {[%emt 0:10:00] Weighted Error Value: White=0.30/Black=0.35.  Loses game:     	---       	Black=2      Missed win:     	White=2     	---        Mistake:       	White=1     	Black=2      Inaccurate:     	---       	Black=1      OK:         	White=10    	Black=9      Best:        	White=1     	Black=4      Strong:       	White=1     	Black=4} 1/2-1/2

[Event "1000 GM Labor Day Super Swiss 2024"]
[Site "San Jose"]
[Date "2024.09.02"]
[Round "6.15"]
[White "Guo, Ethan"]
[Black "Garduno Huerta, Joshua Emiliano"]
[Result "1/2-1/2"]
[Annotator "TA"]
[ECO "C50"]
[WhiteElo "2211"]
[BlackElo "2056"]
[PlyCount "50"]
[EventDate "2024.08.30"]
[EventType "swiss"]
[EventCountry "USA"]
[SourceTitle "playchess.com"]
[Source "ChessBase"]
[SourceQuality "1"]
[TimeControl "5400+30"]

1. e4 e5 2. Nf3 Nc6 3. Bc4 Bc5 4. d3 Nf6 5. Nc3 h6 6. O-O a6 7. a4 d6 8. Be3 O-O 9. h3 Re8 10. Nd5 Nxd5 11. Bxd5 Ne7 12. Bb3 {[%emt 0:00:55] Bxc5 would now be deadly.} Ng6 13. d4 exd4 14. Bxd4 Bxd4 15. Qxd4 Be6 16. Bxe6 Rxe6 17. g3 ({White should play} 17. Rfe1 $11) 17... Ne5 18. Nxe5 dxe5 19. Qb4 Rd6 20. a5 Rb8 21. Qc3 Rd4 22. Rfe1 Qd6 23. Ra3 Qb4 {[%emt 0:08:46] The position is equal.} 24. Rb3 Qxc3 25. Rxc3 c6 {[%emt 0:00:30] Weighted Error Value: White=0.12 (very precise) /Black=0.07 (flawless) .  Mistake:       	White=1     	---        Inaccurate:     	White=1     	Black=2      OK:         	White=3     	Black=9} 1/2-1/2

[Event "1000 GM Labor Day Super Swiss 2024"]
[Site "San Jose"]
[Date "2024.09.02"]
[Round "6.16"]
[White "Karthi, Jashith"]
[Black "Piasetski, Leon"]
[Result "1/2-1/2"]
[Annotator "TA"]
[ECO "E20"]
[WhiteElo "2066"]
[BlackElo "2167"]
[PlyCount "32"]
[EventDate "2024.08.30"]
[EventType "swiss"]
[EventCountry "USA"]
[SourceTitle "playchess.com"]
[Source "ChessBase"]
[SourceQuality "1"]
[TimeControl "5400+30"]

1. d4 Nf6 2. c4 e6 3. Nc3 Bb4 4. f3 d5 5. a3 Be7 6. e4 dxe4 7. fxe4 e5 8. d5 Bc5 9. Nf3 Bg4 10. h3 Bxf3 11. Qxf3 {[%emt 0:00:11] White has an edge.} O-O 12. Bg5 Nbd7 13. O-O-O Be7 14. Be3 Bc5 15. Bg5 Be7 16. Be3 {[%emt 0:01:50] White is more active.} Bc5 {[%emt 0:02:10] Weighted Error Value: White=0.16 (very precise) /Black=0.02 (flawless) .  OK:         	White=2     	Black=5} 1/2-1/2

[Event "1000 GM Labor Day Super Swiss 2024"]
[Site "San Jose"]
[Date "2024.09.02"]
[Round "6.17"]
[White "Zuluaga Mancilla, Cesar"]
[Black "Gui, Suyuan"]
[Result "0-1"]
[Annotator "TA"]
[ECO "D95"]
[WhiteElo "2166"]
[BlackElo "2033"]
[PlyCount "96"]
[EventDate "2024.08.30"]
[EventType "swiss"]
[EventCountry "USA"]
[SourceTitle "playchess.com"]
[Source "ChessBase"]
[SourceQuality "1"]
[TimeControl "5400+30"]

1. d4 Nf6 2. Nf3 g6 3. c4 Bg7 4. Nc3 d5 5. e3 O-O 6. Qb3 dxc4 7. Bxc4 e6 8. O-O Nc6 9. Bb5 Ne7 {[%emt 0:02:49] White is slightly better.} 10. Rd1 Ned5 11. Bd2 Nxc3 12. bxc3 a6 13. Be2 b6 14. c4 Bb7 15. Bb4 Re8 16. a4 Rb8 17. Qa2 a5 18. Be1 Qe7 19. Rac1 Ne4 {[%emt 0:03:15] [#]} 20. c5 $1 bxc5 21. Bxa5 Ra8 22. Be1 cxd4 23. exd4 Red8 24. a5 Ng5 (24... h5 $11 {remains equal.}) 25. Qb3 ({Only move:} 25. Ne5 $16) 25... Bd5 $11 26. Qc3 Rdc8 27. Nxg5 Qxg5 28. Qg3 Qe7 29. Qe3 c6 (29... Rcb8 $11 {keeps the balance.}) 30. a6 $16 Rcb8 31. Rb1 {[%emt 0:00:16] Repels Rb3} Bf8 (31... h5 $14) 32. Qf4 Qa7 33. Bc3 Bg7 34. Qe3 (34. Bb4 $16 {Bc5 is the strong threat.} Qb6 35. Bf1) 34... Bb3 $11 35. Rdc1 Ba4 36. Ra1 Bb5 37. Bf3 Qb6 (37... Bxa6 $2 {perishes.} 38. Bxc6 Rc8 39. Bxa8 Qxa8 40. h4 $18 (40. d5 Bxc3 41. Rxc3 Qxd5 $16)) 38. Qf4 Rc8 39. Rcb1 ({Better is} 39. h4 $15) 39... Rxa6 $17 40. Rxa6 Qxa6 41. Bb4 Qa2 $40 {[%emt 0:03:22][%mdl 128] Black has strong attack.} 42. Re1 {[%emt 0:00:36] [#]} (42. Rc1 $17 {is a better defense.}) 42... Qc4 $1 $19 43. Bc5 {[%emt 0:03:30] [#]} e5 $1 44. Qg4 f5 (44... Ra8 $19 {is more deadly. Threatens to win with ...Qc3.} 45. Qd7 h5 (45... exd4 46. Bxc6 Bxc6 47. Qxc6 $17)) 45. Qg5 (45. Qg3 $17 {was the only defense.}) 45... exd4 {[%emt 0:00:57] Black is clearly better.} 46. Qe7 Qf7 47. Qd6 Re8 48. Rxe8+ Qxe8 {[%emt 0:00:05] Weighted Error Value: White=0.26 (precise) /Black=0.17 (very precise) .  Mistake:       	White=5     	Black=4      Inaccurate:     	White=4     	Black=3      OK:         	White=10    	Black=14     Best:        	White=2     	Black=3      Strong:       	---       	Black=1      Brilliant:      	---       	Black=1} 0-1

[Event "1000 GM Labor Day Super Swiss 2024"]
[Site "San Jose"]
[Date "2024.09.02"]
[Round "6.18"]
[White "Tang, Dylan"]
[Black "Yan, Nathan"]
[Result "1-0"]
[Annotator "TA"]
[ECO "C54"]
[WhiteElo "2092"]
[BlackElo "2160"]
[PlyCount "51"]
[EventDate "2024.08.30"]
[EventType "swiss"]
[EventCountry "USA"]
[SourceTitle "playchess.com"]
[Source "ChessBase"]
[SourceQuality "1"]
[TimeControl "5400+30"]

1. e4 e5 2. Nf3 Nc6 3. Bc4 Bc5 4. c3 Nf6 5. d3 d6 6. O-O O-O 7. h3 h6 8. Re1 Be6 9. Nbd2 a5 10. Bb5 Nd7 {[%emt 0:00:49] The position is equal.} 11. Nf1 d5 12. Ne3 dxe4 13. dxe4 Qe7 14. b3 Rfd8 15. Qc2 Ba7 16. Nd5 Qc5 {[%emt 0:06:37] [#] This move loses the game for Black.} ({Black should try} 16... Qd6 $14) 17. Bxc6 $1 $18 ({Inferior is} 17. Nxc7 Nb4 18. Qe2 Qxc7 $11) 17... bxc6 18. Nxc7 Bxb3 $2 (18... Qf8 {was called for.} 19. Nxa8 Rxa8) 19. axb3 {[%emt 0:00:40] White is clearly winning.} Rac8 20. Be3 Qd6 21. Bxa7 Qxc7 22. Be3 c5 23. Red1 c4 24. bxc4 f6 25. Rd5 Qxc4 26. Rad1 {[%emt 0:00:18] Weighted Error Value: White=0.03 (flawless) /Black=0.53.  Loses game:     	---       	Black=1      Mistake:       	---       	Black=1      Inaccurate:     	---       	Black=1      OK:         	White=10    	Black=5      Strong:       	White=1     	---} 1-0

[Event "1000 GM Labor Day Super Swiss 2024"]
[Site "San Jose"]
[Date "2024.09.02"]
[Round "6.19"]
[White "Bhatta, Rohit"]
[Black "Gongora Montes, Benjamin"]
[Result "0-1"]
[Annotator "TA"]
[ECO "E08"]
[WhiteElo "2025"]
[BlackElo "2111"]
[PlyCount "86"]
[EventDate "2024.08.30"]
[EventType "swiss"]
[EventCountry "USA"]
[SourceTitle "playchess.com"]
[Source "ChessBase"]
[SourceQuality "1"]
[TimeControl "5400+30"]

1. d4 d5 2. c4 e6 3. Nf3 Nf6 4. g3 Bb4+ 5. Bd2 Be7 6. Bg2 O-O 7. Qc2 c6 8. O-O b6 9. Bf4 Bb7 10. Rd1 Nbd7 11. Ne5 Nxe5 12. dxe5 Ne8 13. cxd5 exd5 {[%emt 0:01:49] The position is equal.} 14. Nc3 Nc7 15. Rac1 Ne6 16. Be4 (16. Be3 $14) 16... h6 17. Bh7+ Kh8 {[%emt 0:00:10] And now ...Nxf4 would win.} 18. Bf5 Qe8 19. e4 Nxf4 20. gxf4 Rd8 21. exd5 cxd5 22. Bh3 (22. Qd3 $11) 22... d4 23. Ne4 (23. Ne2 $142) 23... Qb5 (23... f6 $17 {[%cal Od4d3] ...d3! would now be deadly.} 24. Bg2 fxe5 25. fxe5 Bh4) 24. Bg2 (24. Ng3 $11 Bc5 25. Rd3) 24... d3 $17 {[%emt 0:23:25] Black is more active.} 25. Qb3 Qd7 26. Ng3 Bxg2 (26... Ba6 $1 $17 27. Be4 Bc5 28. Bxd3 Bxd3) 27. Kxg2 $15 Qb7+ (27... Bc5 {keeps more tension.} 28. Rc4 f6 29. f3 fxe5 30. fxe5 Qd5) 28. f3 Rd4 29. Rxd3 Rxf4 30. Rcd1 {[%emt 0:00:53] aiming for Rd7.} Bc5 31. Rd7 (31. Rd8 {looks sharper.} Kg8 32. R1d7 Qc6 33. Qd3) 31... Qa6 (31... Qc6 $11) 32. R1d2 (32. a3 $14) 32... Qc8 $11 33. Qd5 a5 34. a3 Qa6 $2 {[%emt 0:01:23] [#]} (34... Qe8 $11) 35. Ne4 (35. Ne2 $1 $18 Rf5 36. Qe4 Rg5+ 37. Ng3) 35... Rf5 36. Nxc5 (36. h3 $14) 36... bxc5 37. Qxc5 (37. Rd6 $11 {keeps the balance.} Rg5+ 38. Kf2) 37... Qg6+ $17 38. Kf2 Rg8 {[%emt 0:00:00] Threatens to win with ...Qh5.} 39. Rd8 {[%emt 0:00:29] [#] Now White is beyond hope.} (39. Qc3 $17) 39... Qh5 $1 $40 {[%emt 0:00:00][%csl LRe5,LRf3,LRh2][%mdl 128] Black has strong attack.} 40. Rxg8+ Kxg8 41. Qc8+ Kh7 42. Rd3 (42. Ke1 $19) 42... Qxh2+ 43. Kf1 Rxe5 {[%emt 0:04:00] Weighted Error Value: White=0.52/Black=0.27 (precise) .  Loses game:     	---       	Black=1      Mistake:       	White=10    	Black=3      Inaccurate:     	White=2     	Black=6      OK:         	White=8     	Black=8      Best:        	White=3     	Black=2      Strong:       	---       	Black=1} 0-1

[Event "1000 GM Labor Day Super Swiss 2024"]
[Site "San Jose"]
[Date "2024.09.02"]
[Round "6.20"]
[White "Biyiasas, Theodore"]
[Black "Alfaro, William"]
[Result "1-0"]
[Annotator "TA"]
[ECO "E10"]
[WhiteElo "1973"]
[BlackElo "2137"]
[PlyCount "104"]
[EventDate "2024.08.30"]
[EventType "swiss"]
[EventCountry "USA"]
[SourceTitle "playchess.com"]
[Source "ChessBase"]
[SourceQuality "1"]
[TimeControl "5400+30"]

1. d4 Nf6 2. c4 c5 3. d5 e6 4. Nf3 exd5 5. cxd5 d6 {[%emt 0:02:00] [#]} 6. e4 $1 a6 (6... g6 7. h3) 7. Bd3 g6 8. O-O Bg7 {[%emt 0:00:03] White is slightly better.} 9. h3 b5 10. a4 b4 11. Nbd2 O-O 12. Nc4 a5 13. Bf4 $36 {[%emt 0:00:30][%mdl 2048] Keeping Black busy.} Ne8 14. Qc2 Ba6 15. Rad1 {[%emt 0:00:30] White is much more active.} b3 16. Qxb3 $18 Bxc4 17. Bxc4 Na6 (17... Nd7 $16 18. Bb5 Qe7) 18. e5 {[%emt 0:00:30] Black is weak on the light squares} Rb8 19. Qe3 Nac7 (19... Nb4 {is a better defense.} 20. e6 fxe6 21. dxe6 Qe7) 20. b3 Rb4 21. exd6 Nxd6 22. Qxc5 Nce8 23. Rfe1 {[%emt 0:00:30] Inhibits Ne4.} Nb7 24. Qe3 Ned6 25. Ne5 Bxe5 26. Qxe5 Qd7 27. Qf6 {[%emt 0:00:30] Be5 would kill now.} Qf5 28. Qxf5 gxf5 29. Bd2 Rb6 30. Be3 Nxc4 (30... Rb4 $142 31. Bd2 Rb6) 31. bxc4 Rb4 32. Rb1 Rc8 33. Rxb4 axb4 {[%emt 0:00:30][%cal Ba5b4,Bb4b3][%mdl 4128] Endgame. KRB-KRN} 34. Bd4 h5 {[%emt 0:00:30] [#]} 35. c5 Nxc5 (35... Na5 36. c6) 36. Rc1 b3 37. d6 (37. Rxc5 $2 Rxc5 38. Bxc5 b2 $19) 37... Kh7 38. d7 (38. Rxc5 $2 {perishes.} Rxc5 39. Kf1 (39. Bxc5 $2 {loses.} b2 $19) 39... Rd5 $19) 38... Rd8 39. Bxc5 Rxd7 {[%emt 0:00:48] KRB-KR} 40. Rb1 Rc7 41. Bb6 Rc4 42. a5 {[%emt 0:01:53][%cal Oa5a6] Hoping for a6!} Rb4 43. Kf1 f4 44. Ke2 f3+ 45. Kxf3 Kg6 46. g3 Kf5 47. Ke3 h4 48. gxh4 Rxh4 49. Rxb3 Rxh3+ 50. f3 {[%emt 0:00:01] White mates.} Rh1 51. Ra3 Rb1 {[%emt 0:00:00] [#]} 52. a6 $1 Ke5 {[%emt 0:35:57] Weighted Error Value: White=0.11 (very precise) /Black=0.39.  Mistake:       	---       	Black=4      Inaccurate:     	---       	Black=3      OK:         	White=14    	Black=10} (52... Rxb6 53. a7) 1-0

[Event "1000 GM Labor Day Super Swiss 2024"]
[Site "San Jose"]
[Date "2024.09.02"]
[Round "6.21"]
[White "Harish, Neeraj"]
[Black "Angeles Mercado, Anthony R"]
[Result "1/2-1/2"]
[Annotator "TA"]
[ECO "B48"]
[WhiteElo "2101"]
[BlackElo "2083"]
[PlyCount "88"]
[EventDate "2024.08.30"]
[EventType "swiss"]
[EventCountry "USA"]
[SourceTitle "playchess.com"]
[Source "ChessBase"]
[SourceQuality "1"]
[TimeControl "5400+30"]

1. e4 c5 2. Nf3 Nc6 3. d4 cxd4 4. Nxd4 e6 5. Nc3 Qc7 6. Be3 a6 7. g4 Bb4 8. Nxc6 dxc6 9. Qd4 {[%emt 0:02:18][%csl LRb4,LRg7] White is slightly better.} Bxc3+ (9... Be7 $14) 10. Qxc3 $16 e5 11. Be2 Be6 12. O-O-O $36 {[%emt 0:01:47][%mdl 2048] Keeping Black busy.} Nf6 13. f3 h5 (13... O-O $142) 14. g5 Nd7 15. Kb1 O-O-O 16. a4 a5 17. Rhf1 {[%emt 0:02:32] White has more active pieces.} Rde8 (17... Rhe8 $16 18. Rd2 h4) 18. Bd2 (18. Rd2 $18) 18... b6 19. Be3 Kb7 20. f4 {[%emt 0:04:02] [#] And now f5 would win.} Bg4 21. Bxg4 hxg4 22. Qd2 Re7 23. Qe2 exf4 24. Bxf4 Ne5 25. Bxe5 (25. Rd2 $142) 25... Qxe5 26. Qxg4 {[%emt 0:00:18] Hoping for Rd7+.} Qxe4 (26... Rxh2 $2 {perishes.} 27. Rd7+ Ka6 28. Rxe7 (28. Rxf7 Qc5 $16) 28... Qxe7 29. Qc8+ Qb7 30. Qe8 $18 (30. Qxb7+ Kxb7 31. Rxf7+ Ka6 $18)) 27. Qxe4 Rxe4 28. Rxf7+ {[%emt 0:00:11][%mdl 4096] Endgame. KRR-KRR} Ka6 29. b3 {[%emt 0:01:45] [#] aiming for Rd6.} b5 30. axb5+ Kxb5 31. Rxg7 (31. Rd2 $16) 31... Rxh2 $11 32. Rd3 Rg2 33. Rc3 {[%emt 0:01:16] With the idea Rb7+.} c5 34. g6 Re6 {[%emt 0:00:34] The position is equal.} 35. Rb7+ Rb6 36. Rxb6+ Kxb6 {[%emt 0:00:06] KR-KR} 37. Rf3 Rxg6 38. c4 a4 39. bxa4 Ka5 40. Rb3 Kxa4 41. Rb5 Rg4 42. Rxc5 Kb4 43. Rc8 Rxc4 44. Rxc4+ Kxc4 {[%emt 0:00:09] Blacks defense is rewarded with a draw.   Weighted Error Value: White=0.10 (very precise) /Black=0.10 (very precise) .  Mistake:       	White=3     	Black=3      Inaccurate:     	---       	Black=2      OK:         	White=17    	Black=10     Best:        	White=2     	Black=7} 1/2-1/2

[Event "1000 GM Labor Day Super Swiss 2024"]
[Site "San Jose"]
[Date "2024.09.02"]
[Round "6.22"]
[White "Ubaldo Suarez, Maria Gisela"]
[Black "Champsi, Imran"]
[Result "1/2-1/2"]
[Annotator "TA"]
[ECO "D18"]
[WhiteElo "1958"]
[BlackElo "2012"]
[PlyCount "96"]
[EventDate "2024.08.30"]
[EventType "swiss"]
[EventCountry "USA"]
[SourceTitle "playchess.com"]
[Source "ChessBase"]
[SourceQuality "1"]
[TimeControl "5400+30"]

1. d4 d5 2. Nf3 Nf6 3. c4 c6 4. Nc3 dxc4 5. a4 Bf5 6. e3 e6 7. Bxc4 Bb4 8. O-O O-O 9. Bd2 a5 10. Qe2 Nbd7 11. Rac1 Nb6 12. Bb3 Nbd5 13. Ne5 Bd6 14. Kh1 (14. f3 $142) 14... Qb6 $11 15. Nc4 Qxb3 16. Nxd6 Bg6 17. e4 Nxc3 18. bxc3 Qxa4 (18... Rfd8 $11) 19. Ra1 $14 Qc2 20. Rfc1 Qb2 {[%emt 0:00:36][%cal Of6e4] ...Nxe4! is the strong threat.} 21. f3 {[%emt 0:04:46] Black must now prevent Nc4.} (21. Rcb1 $5 Qc2 $8 22. f3 $16) 21... Qb6 22. Rcb1 Qc7 23. Nxb7 (23. Rxb7 Qxd6 24. e5 Qd8 25. exf6 Qxf6 $15) 23... Nd7 $1 24. g3 {[%emt 0:04:28] [#]} (24. Qc4 $11 {keeps the balance.}) 24... Rfb8 $1 $17 25. Nc5 Nxc5 26. Rxb8+ Qxb8 ({Inferior is} 26... Rxb8 27. Bf4 Qb7 (27... e5 $2 28. Bxe5 Qb6 29. Bxb8 $18) 28. Bxb8 (28. dxc5 Ra8 $17) 28... Nxe4 (28... Nb3 $2 29. Rb1 $18) 29. Be5 (29. fxe4 Qxb8 30. Qd3 Qa7 $11) (29. Rxa5 Nxc3 30. Qe1 Nd5 $11) 29... Nxc3 30. Qd2 $14) 27. dxc5 {[%emt 0:00:22] [#]} a4 (27... Qb2 $1 $17 28. Qe1 e5) 28. Bf4 ({White should try} 28. Qc4 $15) 28... e5 29. Bc1 f6 30. Qd3 Bf7 31. Ba3 Qb5 ({Better is} 31... Qb3 $17 {Threatens to win with ...Be6.} 32. g4 Be6) 32. Qxb5 $11 cxb5 {[%emt 0:03:24][%mdl 4096] Endgame. KRB-KRB} 33. Rd1 $1 {[%emt 0:00:04] Inhibits Rd8.} Be6 34. Kg2 Kf7 35. Kf2 Rc8 36. Ke3 Rc7 37. Rd2 Rd7 38. Rd6 ({White should play} 38. c6 $11 Rxd2 39. Kxd2) 38... Rxd6 $15 39. cxd6 {[%emt 0:00:01] KB-KB} Ke8 40. Bb4 Kd7 41. f4 g6 42. Kf3 h5 43. fxe5 fxe5 44. Ke3 g5 45. Kd3 Bc4+ 46. Ke3 Ke6 47. h4 g4 48. Kd2 Kd7 {[%emt 0:00:26] Weighted Error Value: White=0.13 (very precise) /Black=0.12 (very precise) .  Mistake:       	White=4     	Black=3      Inaccurate:     	White=1     	Black=4      OK:         	White=17    	Black=16     Best:        	White=2     	Black=1      Strong:       	White=1     	Black=2} 1/2-1/2